 Dungeon Crawl Stone Soup version 0.31.0-11-ge490571c62 (webtiles) character file.

Game seed: 11700127145327582832

91 qw the Shooter (level 4, -1/25 HPs)
             Began as a Deep Elf Hunter on Feb 4, 2024.
             Incinerated by a bombardier beetle (3 damage)
             ... with a burning spray
             ... on level 3 of the Dungeon.
             The game lasted 00:00:05 (1648 turns).

qw the Shooter (Deep Elf Hunter)                    Turns: 1648, Time: 00:00:06

Health: -1/25      AC:  7    Str: 10    XL:     4   Next: 33%
Magic:  6/6        EV: 11    Int: 14    God:
Gold:   173        SH:  0    Dex: 18    Spells: 3/3 levels left

rFire   . . .        a - +0 shortbow
rCold   . . .        (shield currently unavailable)
rNeg    . . .        b - +0 ring mail
rPois   .            c - +0 helmet
rElec   .            (no cloak)
rCorr   .            l - +0 pair of gloves
SInv    .            (no boots)
Will    .....        (no amulet)
Stlth   +            (no ring)
HPRegen 0.24/turn    (no ring)
MPRegen 0.10/turn

%: no passive effects
@: on fire, about to teleport, glowing
A: no striking features
a: no special abilities


You were on level 3 of the Dungeon.
You visited 1 branch of the dungeon, and saw 4 of its levels.

You collected 173 gold pieces.


   Skills:
 - Level 1.5 Fighting
 + Level 7.7 Ranged Weapons
 - Level 2.4 Dodging
 - Level 1.2 Stealth


You had 3 spell levels left.
You didn't know any spells.
Your spell library was empty.

Inventory:

Hand Weapons
 a - a +0 shortbow (weapon)
Armour
 b - a +0 ring mail (worn)
 c - a +0 helmet (worn)
 l - a +0 pair of gloves (worn)
Scrolls
 g - a scroll of poison {unknown}
 i - a scroll of acquirement {unknown}
Potions
 d - a potion of resistance
 e - 4 potions of heal wounds
 f - 2 potions of curing
 h - a potion of attraction {unknown}
 k - a potion of magic {unknown}

Dungeon Overview and Level Annotations

Branches:
Dungeon (4/15)
 Temple: D:4-7

Altars:

Shops:
D:2 [   D:4 =


Message History

The arrow hits the bombardier beetle but does no damage.
You shoot an arrow.
The arrow hits the bombardier beetle but does no damage.
You shoot an arrow. The arrow hits the bombardier beetle.
The bombardier beetle is moderately wounded.
The bombardier beetle sprays incendiary fluid at you.
The burning spray misses you.
You shoot an arrow.
The arrow hits the bombardier beetle but does no damage.
The bombardier beetle is moderately wounded.
You shoot an arrow.
The arrow hits the bombardier beetle but does no damage.
The bombardier beetle is moderately wounded.
The bombardier beetle sprays incendiary fluid at you.
The burning spray hits you.
You are covered in liquid fire!
You shoot an arrow. The arrow hits the bombardier beetle.
The bombardier beetle is moderately wounded.
The liquid fire burns you!
You shoot an arrow.
The arrow closely misses the bombardier beetle.
The liquid fire burns you!
You shoot an arrow.
The arrow closely misses the bombardier beetle.
The liquid fire burns you!
You shoot an arrow.
The arrow hits the bombardier beetle but does no damage.
The bombardier beetle is moderately wounded.
The liquid fire burns you!
You shoot an arrow.
The arrow closely misses the bombardier beetle.
The liquid fire burns you!
The bombardier beetle sprays incendiary fluid at you.
The burning spray hits you.
You are even more covered in liquid fire!
1648 ||| READING scroll of teleportation.
As you read the scroll of teleportation, it crumbles to dust.
You feel strangely unstable. The liquid fire burns you!
You die...

#. #~~~#. #. .)#~~~#.#
. #. .~.~~~#.. ..
######. ..~~~~..# ....
#...... ..~~~~..##
.... #.#####
...P~~...###... #.#
.~~~~~P..##B#.. #.#
.~~~~~~..@.#..# #.#
.P~~~~..#.#.....# #.#
.~~~~~~........### #.#
.~~~~PP.......... #.#
..~~~~~....#....####.#
#.
.P~~~~%..............#
#.
..~~~~....####..######
#. ..~~~...<.......##
#. .~~~~~...#####...#
#.


You could see a bombardier beetle.

Vanquished Creatures
  An iguana (D:4)
  3 adders
  2 dart slugs (D:1)
  An orc (D:3)
  6 endoplasms
  2 giant cockroaches
  5 goblins
  2 hobgoblins
  3 ball pythons
  2 bats
  4 frilled lizards
  A kobold (D:1)
  2 rats
34 creatures vanquished.

Notes
Turn   | Place    | Note
-------+----------+-------------------------------------------
     0 | D:1      | qw the Deep Elf Hunter began the quest for the Orb.
     0 | D:1      | Reached XP level 1. HP: 12/12 MP: 3/3
     0 | D:1      | 0 ||| qw: Version: 0.3-a-160-g6735b56
     0 | D:1      | 0 ||| qw: Game counter: 4789
     0 | D:1      | 0 ||| qw: Melee chars always use a shield: true
     0 | D:1      | 0 ||| qw: God list: Okawaru
     0 | D:1      | 0 ||| qw: Allow faded altars: false
     0 | D:1      | 0 ||| qw: Do Orc after clearing Dungeon:15 true
     0 | D:1      | 0 ||| qw: Do second Lair branch before Depths: true
     0 | D:1      | 0 ||| qw: Lair rune preference: random
     0 | D:1      | 0 ||| qw: Goals: Normal
     0 | D:1      | 0 ||| PLANNING D:1-11
    52 | D:1      | Found a faded altar of an unknown god.
   246 | D:1      | Reached skill level 6 in Ranged Weapons
   246 | D:1      | Reached XP level 2. HP: 16/16 MP: 4/4
   656 | D:1      | 656 ||| READING 2 scrolls labelled ZYIGRE AQACE.
   656 | D:1      | 656 ||| IDENTIFYING amethyst potion
   657 | D:1      | 657 ||| READING scroll of identify.
   657 | D:1      | 657 ||| IDENTIFYING 2 smoky black potions
   658 | D:1      | 658 ||| DRINKING 3 black potions.
   659 | D:1      | 659 ||| DROPPING scroll of butterflies.
   660 | D:1      | 660 ||| DROPPING 2 potions of lignification.
   768 | D:2      | Reached XP level 3. HP: 18/20 MP: 5/5
  1068 | D:2      | Found Kunah's Armour Shop.
  1069 | D:2      | Noticed an animated shadow dragon scales
  1071 | D:2      | Noticed an animated crystal plate armour
  1278 | D:2      | 1278 ||| UPGRADING to +0 ring mail.
  1288 | D:2      | 1288 ||| DROPPING +0 leather armour.
  1289 | D:2      | 1289 ||| UPGRADING to +0 pair of gloves.
  1294 | D:2      | 1294 ||| READING scroll labelled DAROONGA SYREE.
  1295 | D:2      | 1295 ||| READING scroll labelled DETWEX IKHLEI.
  1296 | D:2      | 1296 ||| READING 2 scrolls labelled RAMYSA KEANAO.
  1301 | D:2      | 1301 ||| DRINKING 3 fizzy purple potions.
  1356 | D:3      | You fall into a shaft and drop 1 floor!
  1364 | D:4      | Found Giadiatz's Jewellery Boutique.
  1372 | D:4      | 1372 ||| SHOPLISTING amulet of guardian spirit (330 gold,
                  | have 154).
  1372 | D:4      | 1372 ||| SHOPLISTING amulet of the acrobat (330 gold, have
                  | 154).
  1372 | D:4      | 1372 ||| SHOPLISTING ring of fire (275 gold, have 154).
  1372 | D:4      | 1372 ||| SHOPLISTING ring of ice (275 gold, have 154).
  1372 | D:4      | 1372 ||| SHOPLISTING ring of protection from fire (275
                  | gold, have 154).
  1372 | D:4      | 1372 ||| SHOPLISTING ring of see invisible (165 gold, have
                  | 154).
  1372 | D:4      | 1372 ||| SHOPLISTING ring of willpower (275 gold, have
                  | 154).
  1398 | D:4      | Reached skill level 7 in Ranged Weapons
  1434 | D:4      | 1434 ||| UPGRADING to +0 helmet.
  1538 | D:3      | Reached XP level 4. HP: 25/25 MP: 6/6
  1647 | D:3      | HP: 2/25 [burnt (6)]
  1648 | D:3      | 1648 ||| READING scroll of teleportation.
  1648 | D:3      | Incinerated by a bombardier beetle

Levels and vault maps discovered:
D:1:      amcnicky_arrival_double_pillar, layout_loops_ring,
          shapermc_ecumenical_altar_mp_urbaneastern, st_stairs_1,
          serial_park_tiny_1, minmay_misc_feat_ornament
D:2:      layout_loops_cross, serial_shops, nicolae_shop_mannequins
D:3:      layout_loops_cross, hangedman_decor_growths, chequers_big_river,
          palyth_stone_intersect
D:4:      layout_rooms, minmay_temple_entry_poolview, serial_shops, shop,
          uniq_crazy_yiuf_cottage

Skill      XL: |  1  2  3 |
---------------+----------+-----
Ranged Weapons | 6 7 |  7.7
Fighting       | |  1.5
Dodging        | |  2.4
Stealth        | |  1.2

Action                     |  1- 3 |  4- 6 || total
---------------------------+-------+-------++-------
   Fire: Shortbow          |    72 |    26 ||    98
    Use: Scroll            |     5 |     1 ||     6
         Potion            |     2 |       ||     2
 Armour: Leather armour    |     7 |       ||     7
         Ring mail         |     3 |       ||     3
  Dodge: Dodged            |    15 |     3 ||    18

Table legend:
 A = Non-vault XP
 B = Vault XP
 C = Vault XP percentage of total XP
 D = Non-vault monster count
 E = Vault monster count
 F = Vault count percentage of total count
                 A         B        C        D         E       F
            +---------+---------+-------+---------+---------+-------
      Total |     126 |       4 |   3.1 |      32 |       2 |   5.9
            +---------+---------+-------+---------+---------+-------
        D:1 |      22 |       4 |  15.4 |      12 |       2 |  14.3
        D:2 |      18 |       0 |   0.0 |       4 |       0 |   0.0
        D:3 |      49 |       0 |   0.0 |      14 |       0 |   0.0
        D:4 |      37 |       0 |   0.0 |       2 |       0 |   0.0
            +---------+---------+-------+---------+---------+-------
